 Dungeon Crawl Stone Soup version 0.31-a0-744-gbc345e7fcb (webtiles) character file.

Game seed: 8211505980718616828

10337 randomguy2701 the Cleaver (level 11, -5/87 HPs)
             Began as a Human Fighter on Sept 14, 2023.
             Was a High Priest of Jiyva.
             Slain by a killer bee (7 damage)
             ... on level 10 of the Dungeon.
             The game lasted 00:15:41 (7264 turns).

randomguy2701 the Cleaver (Human Fighter)           Turns: 7264, Time: 00:15:45

Health: -5/87      AC:  6    Str: 21    XL:     11   Next: 91%
Magic:  17/20      EV: 14    Int:  9    God:    Jiyva [*****.]
Gold:   398        SH:  5    Dex: 12    Spells: 10/10 levels left

rFire   + . .        a - +0 war axe
rCold   + . .        c - +0 buckler
rNeg    . . .        q - +0 steam dragon scales
rPois   +            (helmet restricted)
rElec   +            (no cloak)
rCorr   +            (no gloves)
SInv    .            m - +0 pair of boots
Will    .....        (no amulet)
Stlth   ++++         f - ring of magical power
HPRegen 1.78/turn    w - ring of wizardry
MPRegen 0.62/turn

%: clarity, resist mutation, wizardry (x1)
@: lethally poisoned (-5 -> -7), resistant
A: horns 1, iridescent scales 1, clarity, mutation resistance 3, sense
surroundings 1, pseudopods 3, translucent skin 3
a: Renounce Religion, Oozemancy, Slimify


You were on level 10 of the Dungeon.
You worshipped Jiyva.
Jiyva was extremely pleased with you.
You visited 1 branch of the dungeon, and saw 10 of its levels.

You collected 398 gold pieces.

Inventory:

Hand Weapons
 a - a +0 war axe (weapon)
Armour
 c - a +0 buckler (worn)
 m - a +0 pair of boots (worn)
 q - +0 steam dragon scales (worn)
Jewellery
 f - a ring of magical power (left hand)
 w - a ring of wizardry (right hand)
Wands
 k - a wand of flame (1)
 p - a wand of iceblast (10)
Scrolls
 e - 5 scrolls of identify {unknown}
 i - 2 scrolls of blinking {unknown}
 l - 3 scrolls of immolation {unknown}
 o - a scroll of teleportation {unknown}
 t - 3 scrolls of enchant armour {unknown}
 u - 2 scrolls of fear {unknown}
 y - a scroll of enchant weapon {unknown}
 z - a scroll of poison {unknown}
Potions
 b - a potion of magic {unknown}
 d - a potion of might
 g - a potion of resistance
 h - 2 potions of heal wounds {unknown}
 j - a potion of degeneration {unknown}
 n - 2 potions of curing {unknown}
 r - 2 potions of enlightenment {unknown}
 s - a potion of lignification {unknown}
 v - a potion of berserk rage {unknown}
 x - a potion of brilliance {unknown}


   Skills:
 + Level 8.7 Fighting
 + Level 12.2 Axes
 + Level 4.6 Armour
 * Level 6.4 Dodging
 + Level 5.7 Stealth
 + Level 6.0 Shields


You had 10 spell levels left.
You didn't know any spells.
Your spell library contained the following spells:

 Spells                   Type           Power      Damage    Failure   Level
 Ensorcelled Hibernation  Hex/Ice        0%         N/A       28%         2
 Jinxbite                 Hex            0%         N/A       28%         2
 Ozocubu's Armour         Ice            0%         N/A       47%         3
 Anguish                  Hex/Necr       0%         N/A       86%         4
 Ozocubu's Refrigeration  Ice            0%         4d7       100%        7


Dungeon Overview and Level Annotations

Branches:
Dungeon (10/15)            Temple (0/1) D:4            Lair (0/5) D:10
    Orc (0/2) D:10

Altars:
Fedhas
Kikubaaqudgha
Qazlal
Ru
Sif Muna
Xom
Yredelemnul
Jiyva

Shops:
D:1 !?   D:10 (

Annotations:
D:8 2 transporters


Innate Abilities, Weirdness & Mutations

You have a pair of small horns on your head.
You are partially covered in iridescent scales. (AC +2)
You possess an exceptional clarity of mind.
You are almost entirely resistant to further mutation and mutation removal.
You passively map a small area around you.
Armour fits poorly on your massive pseudopods.
Your transparent skin significantly reduces your foes' accuracy. (Stealth+)


Message History

The killer bee barely misses you. The killer bee misses you.
The killer bee stings you. The hornet misses you.
A thick mucus forms on your +0 war axe.
You feel very sick. The killer bee stings you.
* * * LOW HITPOINT WARNING * * *
You are more poisoned.
The killer bee poisons you! The killer bee barely misses you.
The killer bee closely misses you.
The centaur shoots an arrow.
The arrow barely misses you.
The arrow hits the killer bee!
The killer bee closely misses you. x2; You block the killer bee's attack.
The hornet completely misses you.
The centaur shoots an arrow.
The arrow barely misses you.
The arrow misses the killer bee.
The killer bee completely misses you. The killer bee stings you.
* * * LOW HITPOINT WARNING * * *
The killer bee completely misses you. The hornet stings you!
* * * LOW HITPOINT WARNING * * *
You feel as though you will be slow longer.
Unknown command.
The hornet quivers uncontrollably and liquefies into a slime creature!
You slash the killer bee!
You kill the killer bee!
You slash the killer bee! You hit the killer bee.
You feel very sick. The killer bee barely misses you.
You block the killer bee's attack.
The centaur shoots an arrow.
The arrow misses you.
The arrow hits the killer bee!
The killer bee barely misses you. The killer bee closely misses you.
The centaur shoots an arrow.
The arrow hits you!
* * * LOW HITPOINT WARNING * * *
The slime creature barely misses the killer bee.
Unknown command.
It was a potion of resistance.
You feel protected.
You feel yourself speed up.
* * * LOW HITPOINT WARNING * * *
You feel very sick. The killer bee barely misses you.
The killer bee stings you but does no damage.
The killer bee stings you!
You die...

..#.........# ... ,
..#.........#.... ,
..#..†#######.... , ,
..#†............# +#
#.##.†..........# ..#, *
#...............# , ...
#..........##c..# ,..
#..........##...##'#####,
#......>...##...@y......
...........##..yJ.....##
.......∩...##.........#
####....)..##.######..#
...........##.#, ... , *
...........##.# , ..
.....#........# ,> . ,
.....##+#.....#, , .....,
#.....####*


You could see a centaur, 2 killer bees and a neutral slime creature (wandering)
(fellow slime).

Vanquished Creatures
  A two-headed ogre (D:9)
  Jeremiah (D:9)
  Maggie (D:9)
  A rime drake (D:10)
  A polar bear (D:10)
  Grinder (D:4)
  Prince Ribbit (D:8)
  23 yaks
  A wyvern (D:7)
  Grum (D:8)
  2 steam dragons
  2 water moccasins
  4 ice beasts
  6 orc warriors
  4 sky beasts
  2 black bears
  3 wolves
  A centaur (D:10)
  An ogre (D:6)
  A phantom (D:5)
  A kobold brigand (D:8)
  2 bullfrogs
  3 scorpions
  13 wights
  4 killer bees (D:10)
  3 howler monkeys
  8 orc priests
  Jessica (D:2)
  2 iguanas
  8 orc wizards
  2 gnolls (D:3)
  6 adders
  A shadow imp (D:6)
  An ufetubus (D:6)
  A worm (D:2)
  A dart slug (D:2)
  28 orcs
  7 endoplasms
  3 giant cockroaches
  5 goblins
  6 hobgoblins
  4 jackals
  8 quokkas
  11 ball pythons
  5 bats
  5 frilled lizards
  14 kobolds
  8 rats
219 creatures vanquished.

Vanquished Creatures (collateral kills)
  Psyche (D:9)
  An orc warrior (D:7)
  An ogre (D:6)
  2 orcs (D:7)
5 creatures vanquished.

Vanquished Creatures (others)
  A slime creature (D:9)
  A centaur (D:5)
  A bullfrog (D:7)
  A kobold brigand (D:5)
  2 scorpions
  A howler monkey (D:7)
  8 jellies
  3 hounds
  2 orc priests
  2 iguanas
  2 orc wizards
  3 adders
  2 gnolls (D:3)
  An ufetubus (D:5)
  A worm (D:3)
  3 endoplasms
  7 orcs
  A goblin (D:3)
  2 kobolds (D:5)
  A quokka (D:3)
  2 rats (D:3)
47 creatures vanquished.

Grand Total: 271 creatures vanquished

Notes
Turn   | Place    | Note
-------+----------+-------------------------------------------
     0 | D:1      | randomguy2701 the Human Fighter began the quest for the
                  | Orb.
     0 | D:1      | Reached XP level 1. HP: 18/18 MP: 1/1
   144 | D:1      | Reached XP level 2. HP: 17/24 MP: 2/2
   371 | D:1      | Found Uhemn's Magic Scroll Shop.
   430 | D:1      | Reached XP level 3. HP: 29/29 MP: 3/3
   566 | D:1      | Found Wausuet's Distillery.
  1104 | D:2      | Reached XP level 4. HP: 27/35 MP: 4/4
  1218 | D:2      | Reached skill level 3 in Axes
  1444 | D:2      | Noticed Jessica
  1456 | D:2      | Killed Jessica
  1457 | D:2      | Reached XP level 5. HP: 16/41 MP: 5/5
  1557 | D:2      | Found a shimmering altar of Xom.
  1922 | D:2      | Found a faded altar of an unknown god.
  2027 | D:2      | Prayed at the altar of an unknown god.
  2027 | D:2      | Became a worshipper of Jiyva Joqutzan the Shapeless
  2027 | D:2      | Reached * piety under Jiyva
  2330 | D:3      | Reached ** piety under Jiyva
  2566 | D:3      | Found a stormy altar of Qazlal.
  2785 | D:4      | Noticed a steam dragon
  2793 | D:4      | Killed a steam dragon
  2794 | D:4      | Reached skill level 4 in Axes
  2794 | D:4      | Reached skill level 1 in Dodging
  2794 | D:4      | Reached XP level 6. HP: 20/48 MP: 6/6
  2837 | D:4      | Found a staircase to the Ecumenical Temple.
  2857 | D:4      | Reached *** piety under Jiyva
  2887 | D:4      | Noticed Grinder
  2899 | D:4      | Paralysed by Grinder for 3 turns
  2911 | D:4      | Killed Grinder
  2912 | D:4      | Reached skill level 5 in Axes
  2912 | D:4      | Reached XP level 7. HP: 50/54 MP: 7/7
  2962 | D:4      | Gained mutation: Your translucent skin slightly reduces
                  | your foes' accuracy. (Stealth+) [Jiyva's grace]
  2962 | D:4      | Gained mutation: Your translucent skin reduces your foes'
                  | accuracy. (Stealth+) [Jiyva's grace]
  2962 | D:4      | Gained mutation: Your transparent skin significantly
                  | reduces your foes' accuracy. (Stealth+) [Jiyva's grace]
  2962 | D:4      | Gained mutation: You have hidden genetic potential.
                  | [Jiyva's grace]
  3429 | D:5      | Entered Level 5 of the Dungeon
  3444 | D:5      | Reached skill level 1 in Stealth
  3452 | D:5      | Reached **** piety under Jiyva
  3740 | D:5      | Found a blossoming altar of Fedhas.
  3985 | D:6      | Reached XP level 8. HP: 61/61 MP: 8/8
  3994 | D:6      | Found a sacrificial altar of Ru.
  4042 | D:6      | Reached skill level 6 in Axes
  4053 | D:6      | Gained mutation: You have a pair of small horns on your
                  | head. [hidden potential]
  4227 | D:6      | Reached ***** piety under Jiyva
  4268 | D:6      | Gained mutation: Armour fits poorly on your pseudopods.
                  | [Jiyva's grace]
  4268 | D:6      | Gained mutation: Armour fits poorly on your large
                  | pseudopods. [Jiyva's grace]
  4268 | D:6      | Gained mutation: Armour fits poorly on your massive
                  | pseudopods. [Jiyva's grace]
  4268 | D:6      | Gained mutation: You are partially covered in iridescent
                  | scales. (AC +2) [Jiyva's grace]
  4801 | D:6      | Reached skill level 5 in Fighting
  4801 | D:6      | Reached skill level 7 in Axes
  4863 | D:7      | Reached XP level 9. HP: 68/68 MP: 9/9
  4878 | D:7      | Gained mutation: You possess an exceptional clarity of
                  | mind. [hidden potential]
  4878 | D:7      | Lost mutation: You have hidden genetic potential. [hidden
                  | potential expressed]
  5093 | D:7      | Reached skill level 8 in Axes
  5093 | D:7      | Reached skill level 5 in Shields
  5213 | D:7      | Reached XP level 10. HP: 73/76 MP: 10/10
  5724 | D:8      | Reached skill level 9 in Axes
  5752 | D:8      | Reached skill level 5 in Stealth
  5770 | D:8      | Noticed Grum
  5809 | D:8      | Killed Grum
  5858 | D:8      | Found an ancient bone altar of Kikubaaqudgha.
  5859 | D:8      | Noticed a flayed ghost
  5860 | D:8      | Found a basalt altar of Yredelemnul.
  5864 | D:8      | Noticed a death knight
  5946 | D:8      | Found a transporter.
  5948 | D:8      | Found a transporter.
  5953 | D:8      | Noticed Prince Ribbit
  5972 | D:8      | Killed Prince Ribbit
  5973 | D:8      | Reached skill level 10 in Axes
  6250 | D:9      | Noticed Erica
  6288 | D:9      | Slimified Erica
  6288 | D:9      | Noticed Erica
  6291 | D:9      | Killed Erica the slime creature
  6301 | D:9      | Reached skill level 5 in Dodging
  6348 | D:9      | Noticed Psyche
  6360 | D:9      | Killed Psyche
  6456 | D:9      | Noticed Jeremiah
  6502 | D:9      | Found a shimmering blue altar of Sif Muna.
  6528 | D:9      | Reached XP level 11. HP: 71/84 MP: 11/11
  6593 | D:9      | Reached skill level 11 in Axes
  6682 | D:9      | Killed Jeremiah
  6722 | D:9      | Noticed a two-headed ogre
  6745 | D:9      | Killed a two-headed ogre
  6876 | D:9      | Noticed Maggie
  6886 | D:9      | Killed Maggie
  7029 | D:10     | Entered Level 10 of the Dungeon
  7048 | D:10     | Found a staircase to the Lair.
  7131 | D:10     | Gained mutation: You are somewhat resistant to further
                  | mutation. [Jiyva's grace]
  7131 | D:10     | Gained mutation: You are somewhat resistant to both further
                  | mutation and mutation removal. [Jiyva's grace]
  7131 | D:10     | Gained mutation: You are almost entirely resistant to
                  | further mutation and mutation removal. [Jiyva's grace]
  7131 | D:10     | Gained mutation: You passively map a small area around you.
                  | [Jiyva's grace]
  7150 | D:10     | Reached skill level 12 in Axes
  7164 | D:10     | Found a staircase to the Orcish Mines.
  7166 | D:10     | Found Rumeveaf's Weapon Shoppe.
  7263 | D:10     | HP: 4/87 [centaur/arrow (7)]
  7264 | D:10     | Slain by a killer bee

Illustrated notes

Levels and vault maps discovered:
D:1:      minmay_arrival_jagged, layout_basic, serial_shops, shop,
          nicolae_shop_waterfront, minmay_hexomino_f4
D:2:      layout_loops_cross, basic_altar,
          shapermc_ecumenical_altar_mp_vishouse, uniq_jessica
D:3:      layout_basic, lemuel_round_altar
D:4:      layout_basic, minmay_temple_entry_arrows, uniq_grinder
D:5:      layout_cave_pools, fedhas_altar_2, minmay_misc_feat_cross
D:6:      layout_cave_pods, nicolae_ru_sacrificial_ziggurat,
          serial_column_ruins, column_ruins_columns_straight,
          column_ruins_corridor_straight, column_ruins_columns_straight,
          column_ruins_grid_4, chequers_mini_garden
D:7:      layout_loops_ring, minmay_bent
D:8:      layout_rooms, gammafunk_temple_of_torment, uniq_grum,
          uniq_prince_ribbit1
D:9:      layout_roguey, mainiacjoe_overflow_boulevard,
          david_defended_altar_orc, uniq_maggie, uniq_psyche, uniq_erica,
          uniq_jeremiah
D:10:     layout_irregular_city, zin_treasury, hellmonk_lair_entry_icy,
          orc_david_3, serial_shops, shop

Skill      XL: |  1  2  3  4  5  6  7  8  9 10 11 |
---------------+----------------------------------+-----
Axes           | 3 4 5 7 8 10 12 | 12.2
Armour         | 4 |  4.6
Dodging        | 1 2 3 4 5 6 |  6.4
Fighting       | 4 5 6 7 8 |  8.7
Stealth        | 1 2 4 5 |  5.7
Shields        | 4 5 6 |  6.0

Action                     |  1- 3 |  4- 6 |  7- 9 | 10-12 || total
---------------------------+-------+-------+-------+-------++-------
  Melee: War axe           |   107 |   115 |   256 |   303 ||   781
         Headbutt          |       |       |    33 |    78 ||   111
         Pseudopods        |       |       |    27 |    58 ||    85
 Invoke: Slimify           |       |       |       |     2 ||     2
         Oozemancy         |       |       |       |     1 ||     1
    Use: Potion            |       |       |       |     1 ||     1
   Stab: Sleeping          |       |       |    11 |     4 ||    15
         Distracted        |       |       |     1 |       ||     1
 Armour: Scale mail        |    72 |    86 |       |       ||   158
         Steam dragon scal |       |     8 |   142 |   162 ||   312
  Dodge: Dodged            |    61 |    46 |   140 |   223 ||   470
  Block: Buckler           |    22 |    27 |    51 |    71 ||   171

Table legend: (Time is in decaauts)
 A = Elapsed time spent in this place.
 B = Non-inter-level travel time spent in this place.
 C = Inter-level travel time spent in this place.
 D = Time resting spent in this place.
 E = Time spent auto-exploring this place.
 F = Levels seen in this place.
 G = Mean time per level.
                   A        B        C        D        E       F      G
               +--------+--------+--------+--------+--------+-----+--------+
         Total |   7390 |   6920 |    470 |      0 |   5235 |  10 |  739.0 |
       Dungeon |   7390 |   6920 |    470 |      0 |   5235 |  10 |  739.0 |
               +--------+--------+--------+--------+--------+-----+--------+

Top non-repeatable levels by time:
     D:2: 1219 daAuts
     D:1: 965 daAuts
     D:6: 913 daAuts
     D:7: 862 daAuts
     D:9: 775 daAuts
     D:4: 721 daAuts
     D:3: 610 daAuts
     D:5: 556 daAuts
     D:8: 534 daAuts
    D:10: 231 daAuts
